 Dungeon Crawl Stone Soup version 0.18-a0-1805-g8ab820f (webtiles) character file.

82 barb4r1an the Ruffian (level 4, -4/36 HPs)
             Began as a Draconian Transmuter on Apr 25, 2016.
             Slain by an iguana (8 damage)
             ... on level 4 of the Dungeon.
             The game lasted 00:06:59 (2390 turns).

barb4r1an the Ruffian (Draconian Transmuter)        Turns: 2390, Time: 00:07:00

Health: -4/36      AC:  9    Str: 12    XL:     4   Next: 21%
Magic:  5/7        EV: 11    Int: 15    God:
Gold:   226        SH:  3    Dex: 11    Spells: 3 memorised, 1 level left

rFire  . . .     SeeInvis .       - Unarmed
rCold  . . .     Gourm    .     (armour unavailable)
rNeg   . . .     Faith    .     v - +0 buckler
rPois  .         Spirit   .     (helmet restricted)
rElec  .         Dismiss  .     (no cloak)
rCorr  .         Reflect  .     (no gloves)
SustAt .         Harm     .     o - +0 pair of boots
MR     .....                    (no amulet)
Stlth  +.........               (no ring)
                                u - +3 ring of protection

@: appendage (expiring), not resistant to hostile enchantments, very unstealthy
A: unfitting armour, horns 2, cold-blooded, AC +5
a: End Transformation


You were on level 4 of the Dungeon.
You were very hungry.
You had grown temporary horns.
You visited 1 branch of the dungeon, and saw 4 of its levels.

You collected 226 gold pieces.

Inventory:

Missiles
 a - 8 arrows
Armour
 o - a +0 pair of boots (worn)
 v - a +0 buckler (worn)
Jewellery
 u - a +3 ring of protection (left hand)
Scrolls
 d - a scroll of fear {unknown}
 e - 4 scrolls of remove curse {unknown}
 f - a scroll of enchant armour {unknown}
 i - a scroll of amnesia {unknown}
 j - 2 scrolls of immolation {unknown}
 m - 2 scrolls of blinking {unknown}
 n - a scroll of random uselessness {unknown}
 p - a scroll of fog {unknown}
 t - 2 scrolls of identify {unknown}
 x - a scroll of magic mapping {unknown}
 y - a scroll of enchant weapon {unknown}
Potions
 g - 3 potions of brilliance {unknown}
 h - a potion of beneficial mutation {unknown}
 k - a potion of curing {unknown}
 q - a potion of flight {unknown}
 r - a potion of degeneration {unknown}
 w - a potion of heal wounds {unknown}
Books
 b - a book of Changes

   Spells                             Type                      Level
   a - Beastly Appendage              Transmutation                1
   b - Sticks to Snakes               Transmutation                2
   c - Spider Form                    Transmutation/Poison         3
   d - Ice Form                       Ice/Transmutation            4
   e - Blade Hands                    Transmutation                5
Comestibles
 c - 3 bread rations
 l - a meat ration
 s - a slice of pizza


   Skills:
 + Level 2.1 Fighting
 + Level 2.3 Dodging
 * Level 0.2 Shields
 + Level 3.2 Unarmed Combat
 + Level 2.5 Spellcasting
 + Level 2.8 Transmutations
 + Level 0.2 Ice Magic


You had one spell level left.
You knew the following spells:

 Your Spells              Type           Power        Failure   Level  Hunger
a - Beastly Appendage     Trmt           ##....       14%         1    #......
b - Sticks to Snakes      Trmt           ##......     21%         2    ###....
c - Ice Form              Ice/Trmt       #.......     99%         4    #####..


Dungeon Overview and Level Annotations

Branches:
Dungeon (4/15)
 Temple: D:4-7

Altars:
Yredelemnul


Innate Abilities, Weirdness & Mutations

Your plain brown scales are hard (AC +5).
Your body does not fit into most forms of armour.
You are cold-blooded and may be slowed by cold attacks.
You have a pair of horns on your head.


Message History

The iguana closely misses you.
You hit the iguana but do no damage.
The iguana is almost dead.
You block the iguana's attack.
You hit the iguana but do no damage.
The iguana is almost dead.
The iguana bites you!
You hit the iguana but do no damage.
The iguana is almost dead.
The iguana barely misses you.
You barely miss the iguana.
The iguana is almost dead.
The iguana bites you!
* * * LOW HITPOINT WARNING * * *
You are too injured to fight recklessly!
You are too injured to fight recklessly!
Casting: Beastly Appendage
Confirm with . or Enter, or press ? or * to list all spells.
You create a snake!
You now have 8 arrows.
The iguana bites you!
You die...

#.#############..##.###
#.# #......# #.#
#######...#### #.#
#.......).#### #.#
#.##.........#
#.######.##..).[....#
#........##.........#
#######.S....<...##.#
##@#####...# .# #...l.#
#...# # #.###.# ##.##
..# #.# #.# #.# ..# ..#
### ##


You could see an iguana and a friendly ball python.

Vanquished Creatures
  2 adders (D:3)
  A worm (D:2)
  3 giant geckos
  An orc (D:4)
  A ball python (D:3)
  5 giant cockroaches
  6 goblins
  6 hobgoblins
  2 jackals (D:3)
  6 kobolds
  A quokka (D:2)
  A bat (D:1)
  3 giant newts
  8 rats
46 creatures vanquished.

Vanquished Creatures (collateral kills)
  An adder (D:2)
  A worm (D:3)
  A dart slug (D:2)
  2 orcs (D:4)
  A giant cockroach (D:4)
  A jackal (D:3)
7 creatures vanquished.

Grand Total: 53 creatures vanquished

Notes
Turn   | Place    | Note
--------------------------------------------------------------
     0 | D:1      | barb4r1an the Draconian Transmuter began the quest for the Orb.
     0 | D:1      | Reached XP level 1. HP: 16/16 MP: 3/3
   321 | D:1      | Reached XP level 2. HP: 20/23 MP: 3/5
   654 | D:1      | Learned a level 2 spell: Sticks to Snakes
   754 | D:2      | Reached XP level 3. HP: 29/29 MP: 1/6
   996 | D:2      | Found a basalt altar of Yredelemnul.
  1573 | D:3      | Reached XP level 4. HP: 34/36 MP: 7/7
  1579 | D:3      | Learned a level 4 spell: Ice Form
  2033 | D:4      | Noticed a sky beast
  2390 | D:4      | Slain by an iguana

Vault maps used:
D:1:      minmay_arrival_stone_box
D:2:      lemuel_crystal_altar
D:3:      first_bread, kennysheep_generic_room_13
D:4:      uniq_edmund

Skill      XL: |  1  2  3 |
---------------+----------+-----
Dodging        | 2 |  2.3
Fighting       | 2 |  2.1
Shields        | |  0.2
Unarmed Combat | |  3.2
Spellcasting   | |  2.5
Transmutations | |  2.8
Ice Magic      | |  0.2

Action                   |  1- 3 |  4- 6 || total
-------------------------+-------+-------++-------
Melee: Unarmed           |   146 |    61 ||   207
       Tailslap          |    13 |     4 ||    17
       Kick              |     5 |       ||     5
       Headbutt          |     6 |     1 ||     7
 Cast: Beastly Appendage |    15 |     2 ||    17
       Sticks to Snakes  |     8 |     7 ||    15
  Eat: Chunk             |     2 |       ||     2
       Pizza             |       |     1 ||     1
       Beef jerky        |       |     1 ||     1
Armor: Skin              |    40 |    20 ||    60
Dodge: Dodged            |    93 |    36 ||   129
Block: Buckler           |       |     5 ||     5
